 Dungeon Crawl Stone Soup version 0.27-a0-1501-g9d6fb14e67 (webtiles) character file.

Game seed: 15647810172838527207

1450 Lekart the Slasher (level 8, 0/61 (70) HPs)
             Began as a Red Draconian Chaos Knight on July 8, 2021.
             Was a Plaything of Xom.
             Slain by a wight (1 damage)
             ... on level 5 of the Dungeon.
             The game lasted 00:08:49 (6343 turns).

Lekart the Slasher (Red Draconian Chaos Knight)     Turns: 6343, Time: 00:08:50

HP:   0/61 (70)     AC:  6    Str: 16      XL:     8   Next: 47%
MP:   13/13         EV: 12    Int: 11 (12) God:    Xom [..*...]
Gold: 652           SH:  2    Dex:  9 (10) Spells: 14/14 levels left

rFire    + . .     SeeInvis .   a - +2 falchion (chaos)
rCold    . . .     Faith    .   f - +0 buckler
rNeg     . . .     Spirit   .   (armour unavailable)
rPois    .         Reflect  .   (helmet restricted)
rElec    .         Harm     .   (no cloak)
rCorr    .         Rampage  .   (no gloves)
Will     .....                  (no boots)
Stlth    +.........             d - amulet of magic regeneration
HPRegen  0.20/turn              (no ring)
MPRegen  0.38/turn              (no ring)

@: short of breath, unable to read, heavily drained
A: breathe fire, AC +6, unfitting armour, fire resistance 1, cold-blooded, horns
1, clumsy 1, deterioration 2, inability to read while threatened
a: Breathe Fire, Renounce Religion


You were on level 5 of the Dungeon.
You worshipped Xom.
You were a toy of Xom.
You visited 1 branch of the dungeon, and saw 6 of its levels.

You collected 652 gold pieces.

Inventory:

Hand Weapons
 a - a +2 falchion of chaos (weapon)
Armour
 f - a +0 buckler (worn)
Jewellery
 d - an amulet of magic regeneration (around neck)
 g - a ring of resist corrosion
 j - a ring of poison resistance
Wands
 m - a wand of iceblast (9)
Scrolls
 c - a scroll of teleportation
 i - a scroll of immolation {unknown}
 k - a scroll of amnesia {unknown}
Potions
 b - 2 potions of invisibility
 e - 3 potions of curing
 h - 2 potions of lignification


   Skills:
 + Level 5.8 Fighting
 + Level 7.7 Long Blades
 + Level 4.5 Dodging
 * Level 3.9 Spellcasting


You had 14 spell levels left.
You didn't know any spells.
Your spell library contained the following spells:

 Spells                   Type           Power      Damage    Failure   Level
 Animate Skeleton         Necr           4%         N/A       38%         1
 Magic Dart               Conj           8%         1d3       38%         1
 Pain                     Necr           8%         1d4       38%         1
 Call Imp                 Summ           2%         N/A       52%         2
 Mephitic Cloud           Conj/Pois/Air  2%         N/A       77%         3
 Portal Projectile        Hex/Tloc       4%         N/A       77%         3
 Vampiric Draining        Necr           1%         2d6       77%         3
 Blade Hands              Tmut           1%         N/A       100%        5
 Excruciating Wounds      Necr           1%         N/A       100%        5


Dungeon Overview and Level Annotations

Branches:
Dungeon (6/15)
 Temple: D:4-7

Altars:
Xom
The Shining One

Annotations:
D:3 exclusion: downstairs


Innate Abilities, Weirdness & Mutations

You can breathe blasts of fire.
Your fiery red scales are hard. (AC +6)
You cannot fit into any form of body armour.
Your flesh is heat resistant. (rF+)
You are cold-blooded and may be slowed by cold attacks.
You have a pair of small horns on your head.
You are clumsy. (Dex -2)
Your body often deteriorates upon taking damage.
You sometimes lose the ability to read scrolls when taking damage.


Message History

The wight hits you with a +1 vorpal mace.
* * * LOW HITPOINT WARNING * * *
You feel drained.
* * * LOW HITPOINT WARNING * * *
x2 You climb upwards.
You feel yourself speed up.
There is a stone staircase leading down here.
The wight closely misses you.
You are now a toy of Xom.
You have got your breath back.
You can read scrolls again.
Press: ? - help, Shift-Dir - straight line, f - wight
Aim: a wight, wielding a +4 long sword of freezing and wearing a +0 robe (moderately damaged)
You breathe a blast of fire.
The fiery breath hits the wight.
The wight is severely damaged.
The wight is engulfed in blazing flames.
You destroy the wight!
You start resting.
A wight is nearby!
You have got your breath back.
Press: ? - help, Shift-Dir - straight line, f - wight
Aim: a wight, wielding a +1 vorpal mace and wearing a +0 robe (moderately damaged)
You breathe a blast of fire.
The fiery breath misses the wight.
The wight is engulfed in blazing flames.
The wight hits you with a +1 vorpal mace.
* * * LOW HITPOINT WARNING * * *
You feel drained.
* * * LOW HITPOINT WARNING * * *
x2 The wight is engulfed in blazing flames.
The wight hits you with a +1 vorpal mace.
* * * LOW HITPOINT WARNING * * *
You feel drained.
* * * LOW HITPOINT WARNING * * *
The wight is engulfed in blazing flames.
The wight hits you with a +1 vorpal mace.
You feel threatened and lose the ability to read scrolls!
* * * LOW HITPOINT WARNING * * *
Xom thinks this is hilarious!
You die... "This toy is broken."

#.#.#
#.........#.##.##....
#.#.#
#............#.##....
#...#
#.........##.#.######
#####
#.........####.#
#..............#
#.........###########
#.........#......z...
###########.#########
#.@z...............
#.#######.########.
#.#.....#..........
#.#.###.###########
#.#<..#............
#.#.#†############.
#.#.#........# #.
#.#..........# #.
#.#################


You could see a wight.

Vanquished Creatures
  An orb spider (shapeshifter) (D:4)
  Sigmund (D:2)
  A steam dragon (D:6)
  A sky beast (D:5)
  An ogre (D:5)
  2 scorpions (D:5)
  2 wights (D:5)
  A crimson imp (D:5)
  A bullfrog zombie (D:5)
  2 jellies
  2 orc priests
  Jessica (D:2)
  Terence (D:3)
  2 orc wizards (D:5)
  A hound skeleton (D:4)
  9 adders
  A white imp (D:5)
  3 adder skeletons
  4 worms
  2 dart slugs
  7 orcs
  6 endoplasms
  7 giant cockroaches
  5 goblins
  9 hobgoblins
  10 jackals
  5 kobolds
  A quokka (D:5)
  8 ball pythons
  3 bats (D:1)
  8 frilled lizards
  2 goblin skeletons (D:5)
  2 goblin zombies (D:5)
  4 hobgoblin zombies (D:5)
  A kobold skeleton (D:5)
  2 orc skeletons (D:5)
  8 rats
127 creatures vanquished.

Vanquished Creatures (collateral kills)
  An ogre (D:4)
1 creature vanquished.

Vanquished Creatures (others)
  A wight (D:6)
1 creature vanquished.

Grand Total: 129 creatures vanquished

Notes
Turn   | Place    | Note
-------+----------+-------------------------------------------
     0 | D:1      | Lekart the Draconian Chaos Knight began the quest for the
                  | Orb.
     0 | D:1      | Reached XP level 1. HP: 19/19 MP: 1/1
     2 | D:1      | Noticed a gargoyle
     4 | D:1      | Noticed a troll
     6 | D:1      | Noticed an elf
     6 | D:1      | Noticed a djinni
     8 | D:1      | Noticed a naga
     8 | D:1      | Noticed a barachi
    10 | D:1      | Noticed a merfolk
    10 | D:1      | Noticed a ghoul
    12 | D:1      | Noticed a demonspawn
    12 | D:1      | Noticed a vampire
    14 | D:1      | Noticed a draconian
    14 | D:1      | Noticed a minotaur
    16 | D:1      | Noticed an octopode
    16 | D:1      | Noticed a palentonga
    18 | D:1      | Noticed an ogre
    18 | D:1      | Noticed a vine stalker
    20 | D:1      | Noticed a demigod
    20 | D:1      | Noticed a formicid
    22 | D:1      | Noticed a tengu
    22 | D:1      | Noticed a human
    24 | D:1      | Noticed a felid
    26 | D:1      | Noticed a spriggan
    26 | D:1      | Noticed a dwarf
   219 | D:1      | XOM: divination: magic mapping
   265 | D:1      | Reached XP level 2. HP: 21/26 MP: 2/2
   333 | D:1      | XOM: silly message
   630 | D:1      | XOM: noise
   771 | D:1      | XOM: noise
   773 | D:1      | XOM: silly message
   942 | D:1      | Found a faded altar of an unknown god.
  1025 | D:2      | Noticed Jessica
  1037 | D:2      | Killed Jessica
  1038 | D:2      | Reached skill level 1 in Spellcasting
  1038 | D:2      | Reached XP level 3. HP: 31/33 MP: 2/4
  1122 | D:2      | Reached XP level 4. HP: 40/40 MP: 5/5
  1153 | D:2      | Noticed Sigmund
  1194 | D:2      | Killed Sigmund
  1195 | D:2      | Reached skill level 4 in Long Blades
  1195 | D:2      | Reached XP level 5. HP: 31/46 MP: 5/8
  1851 | D:3      | Noticed Terence
  1860 | D:3      | Killed Terence
  1861 | D:3      | Reached skill level 5 in Long Blades
  1861 | D:3      | Reached XP level 6. HP: 33/52 MP: 9/9
  2218 | D:3      | XOM: summons 4 hostile demons
  2842 | D:3      | XOM: noise
  2902 | D:4      | XOM: 2-stop teleportation journey
  2935 | D:4      | Found a shimmering altar of Xom.
  2996 | D:4      | XOM: give mutation
  2996 | D:4      | Gained mutation: You are weak. (Str -2) [Xom's mischief]
  3086 | D:4      | XOM: stat loss: -1 Str (12/13)
  3119 | D:3      | XOM: give mutations
  3119 | D:3      | Gained mutation: You are clumsy. (Dex -2) [Xom's mischief]
  3119 | D:3      | Gained mutation: Your body sometimes deteriorates upon
                  | taking damage. [Xom's mischief]
  3119 | D:3      | Lost mutation: You are weak. (Str -2) [Xom's mischief]
  3236 | D:3      | XOM: god gift: staff of air
  3494 | D:4      | XOM: noise
  3521 | D:4      | Noticed a shapeshifter
  3521 | D:4      | an orc changed into a shapeshifter
  3521 | D:4      | XOM: polymorph orc -> shapeshifter
  3521 | D:4      | Noticed a spriggan
  3521 | D:4      | a shapeshifter changed into a spriggan
  3530 | D:4      | Noticed a hornet
  3530 | D:4      | a spriggan changed into a hornet
  3533 | D:4      | XOM: potion effect (heal wounds)
  3536 | D:4      | Noticed a troll
  3536 | D:4      | a hornet changed into a troll
  3542 | D:4      | XOM: summons friendly crimson imp
  3557 | D:4      | XOM: summons 3 friendly demons
  3562 | D:4      | XOM: summons 6 friendly demons
  3563 | D:4      | Noticed an orb spider
  3563 | D:4      | a troll changed into an orb spider
  3585 | D:4      | Killed an orb spider
  3586 | D:4      | Reached skill level 6 in Long Blades
  3586 | D:4      | Your scales start taking on a fiery red colour.
  3586 | D:4      | Reached XP level 7. HP: 24/60 MP: 9/11
  3586 | D:4      | Gained mutation: Your flesh is heat resistant. (rF+) [Red
                  | Draconian growth]
  3857 | D:4      | XOM: silly message
  4100 | D:4      | Reached skill level 5 in Fighting
  4347 | D:5      | Entered Level 5 of the Dungeon
  4353 | D:5      | XOM: enchant monster (bad)
  4546 | D:5      | XOM: 2-stop teleportation journey
  4784 | D:5      | XOM: cloud trail
  4821 | D:5      | Found a glowing golden altar of the Shining One.
  4841 | D:5      | Reached skill level 7 in Long Blades
  4842 | D:5      | Reached XP level 8. HP: 66/68 MP: 13/13
  5831 | D:5      | XOM: give mutations
  5831 | D:5      | Gained mutation: Your body often deteriorates upon taking
                  | damage. [Xom's mischief]
  5831 | D:5      | Gained mutation: You sometimes lose the ability to read
                  | scrolls when taking damage. [Xom's mischief]
  5831 | D:5      | Gained mutation: You have a pair of small horns on your
                  | head. [Xom's mischief]
  6054 | D:6      | XOM: scenery: create altars
  6062 | D:6      | XOM: summons 6 friendly demons
  6244 | D:6      | XOM: smoke on damage
  6343 | D:5      | HP: 1/61 [wight (6)]
  6343 | D:5      | Slain by a wight

Illustrated notes

Levels and vault maps discovered:
D:1:      kb_arrival_jail, layout_basic, dilly_ecumenical_altar_fadedgnrine,
          wander_ebering_terrifying_dragon_lair
D:2:      layout_rooms, uniq_sigmund, uniq_jessica
D:3:      layout_loops_ring, uniq_terence
D:4:      minmay_polygon_palace, layout_basic, mainiacjoe_overflow_tiny_flanked,
          grunt_ministairs_9, amcnicky_mini_corridor_feature
D:5:      layout_basic, nicolae_tso_besieged_by_evil
D:6:      layout_basic, minmay_temple_entry_offerings, uniq_maggie

Skill      XL: |  1  2  3  4  5  6  7 |
---------------+----------------------+-----
Spellcasting   | 1 2 3 |  3.9
Fighting       | 4 5 |  5.8
Long Blades    | 4 5 6 7 |  7.7
Dodging        | 3 4 |  4.5

Action                   |  1- 3 |  4- 6 |  7- 9 || total
-------------------------+-------+-------+-------++-------
Melee: Falchion          |    64 |   165 |   159 ||   388
       Tailslap          |     6 |    26 |    26 ||    58
       Headbutt          |       |       |     1 ||     1
 Abil: Breathe Fire      |       |       |     5 ||     5
  Use: Scroll            |     3 |     3 |     5 ||    11
       Potion            |       |     2 |     2 ||     4
 Stab: Paralysed         |     2 |       |       ||     2
       Petrified         |       |     5 |       ||     5
       Petrifying        |       |     1 |       ||     1
       Sleeping          |       |       |     2 ||     2
Armor: Skin              |    26 |    47 |    67 ||   140
Dodge: Dodged            |    63 |   100 |    98 ||   261
Block: Buckler           |       |       |     3 ||     3
       Rpst.: Falchion   |    18 |    34 |    28 ||    80

Table legend: (Time is in decaauts)
 A = Elapsed time spent in this place.
 B = Non-inter-level travel time spent in this place.
 C = Inter-level travel time spent in this place.
 D = Time resting spent in this place.
 E = Time spent auto-exploring this place.
 F = Levels seen in this place.
 G = Mean time per level.
                   A        B        C        D        E       F      G
               +--------+--------+--------+--------+--------+-----+--------+
         Total |   6356 |   6112 |    244 |    908 |   4182 |   6 | 1059.3 |
       Dungeon |   6356 |   6112 |    244 |    908 |   4182 |   6 | 1059.3 |
               +--------+--------+--------+--------+--------+-----+--------+

Top non-repeatable levels by time:
     D:5: 1920 daAuts
     D:4: 1364 daAuts
     D:3: 1026 daAuts
     D:1: 1003 daAuts
     D:2: 980 daAuts
     D:6: 61 daAuts
